 Dungeon Crawl Stone Soup version 0.18.2-3-g5ac21b8443 (webtiles) character file.

327 WhyTry the Sneak (level 6, 0/42 HPs)
             Began as an Octopode Assassin on Apr 7, 2022.
             Killed from afar by Ijyb (24 damage)
             ... with a wand of lightning
             ... on level 3 of the Dungeon.
             The game lasted 00:20:54 (2709 turns).

WhyTry the Sneak (Octopode Assassin)                Turns: 2709, Time: 00:20:55

Health: 0/42       AC:  4    Str: 10    XL:     6   Next: 50%
Magic:  6/6        EV: 15    Int: 14    God:
Gold:   124        SH:  0    Dex: 15    Spells: 0 memorised, 5 levels left

rFire  . . .     SeeInvis .     q - +0 blowgun
rCold  . . .     Gourm    .     (no shield)
rNeg   + . .     Faith    .     (helmet restricted)
rPois  .         Spirit   .     o - amulet of magic regeneration
rElec  .         Dismiss  .     i - ring of teleportation (curse)
rCorr  .         Reflect  .     s - +3 ring of protection
SustAt .         Harm     .     z - ring of positive energy
MR     .....     Rnd*Tele +     (no ring)
Stlth  ++++......               (no ring)
                                (no ring)
                                (no ring)
                                (no ring)

@: not resistant to hostile enchantments, stealthy
A: almost no armour, amphibious, 8 rings, constrict 8, camouflage 1, gelatinous
body 1
a: no special abilities


You were on level 3 of the Dungeon.
You were not hungry.

You visited 1 branch of the dungeon, and saw 3 of its levels.

You collected 124 gold pieces.

Inventory:

Hand Weapons
 a - a +2 dagger
 g - a +1 dagger of speed
 q - a +0 blowgun (weapon)
 r - a +0 short sword of holy wrath
 y - a +3 dagger of draining
 D - a +0 falchion
 E - a +0 long sword
 F - a cursed -1 whip
 I - a cursed -3 war axe
 W - a +2 short sword of draining
Missiles
 c - 18 poisoned needles (quivered)
 d - 2 curare-tipped needles
 e - 112 stones
 w - 39 arrows
 K - 4 tomahawks
Jewellery
 i - a cursed ring of teleportation (left tentacle)
 o - an amulet of magic regeneration (around mantle)
 s - a +3 ring of protection (right tentacle)
 z - a ring of positive energy (on tentacle)
Scrolls
 h - a scroll of magic mapping {unknown}
 l - a scroll of noise {unknown}
 n - 3 scrolls of identify {unknown}
 p - a scroll of remove curse {unknown}
 u - a scroll of fog {unknown}
 A - a scroll of teleportation {unknown}
 B - 2 scrolls of fear {unknown}
 C - a scroll of recharging {unknown}
 H - a scroll of enchant armour {unknown}
Potions
 b - 2 potions of curing {unknown}
 j - 2 potions of ambrosia {unknown}
 v - 4 potions of degeneration {unknown}
 G - a potion of magic {unknown}
 L - 2 potions of lignification {unknown}
Books
 J - a Fen Folio

   Spells                             Type                      Level
   a - Corpse Rot                     Necromancy                   2
   b - Stone Arrow                    Conjuration/Earth            3
   c - Leda's Liquefaction            Hexes/Earth                  4
   d - Summon Forest                  Summoning/Translocation      5
   e - Hydra Form                     Transmutation                6
   f - Summon Hydra                   Summoning                    7
Comestibles
 f - 2 bread rations
 k - 3 fruits
 m - a meat ration
 t - a beef jerky
 x - 3 chunks of flesh


   Skills:
 - Level 3.3 Fighting
 + Level 3.2 Short Blades
 - Level 2.0 Throwing
 - Level 5.1 Dodging
 - Level 5.3 Stealth


You had 5 spell levels left.
You didn't know any spells.

Dungeon Overview and Level Annotations

Branches:
Dungeon (3/15)

Altars:
Elyvilon
Yredelemnul

Annotations:
D:3 Ijyb


Innate Abilities, Weirdness & Mutations

You cannot wear most types of armour.
You are amphibious.
You can wear up to eight rings at the same time.
You can use your tentacles to constrict eight enemies at once.
Your skin changes colour to match your surroundings (Stealth).
Your rubbery body absorbs attacks (AC +1).


Message History

Press: ? - help, Shift-Dir - straight line, f - Ijyb
Aim: Ijyb (hasn't noticed you)
You shoot a poisoned needle. The poisoned needle hits Ijyb.
Ijyb is poisoned.
Firing (i - inventory. (,) - cycle):
c - 21 poisoned needles (quivered)
Press: ? - help, Shift-Dir - straight line, f/p - Ijyb
Aim: Ijyb (lightly wounded, poisoned)
You shoot a poisoned needle. The poisoned needle misses Ijyb.
Firing (i - inventory. (,) - cycle):
c - 20 poisoned needles (quivered)
Press: ? - help, Shift-Dir - straight line, f/p - Ijyb
Aim: Ijyb (lightly wounded, poisoned)
You shoot a poisoned needle. The poisoned needle barely misses Ijyb.
Ijyb zaps a wand.
The bolt of lightning hits you!
It is a wand of lightning.
Firing (i - inventory. (,) - cycle):
c - 19 poisoned needles (quivered)
Press: ? - help, Shift-Dir - straight line, f/p - Ijyb
Aim: Ijyb, carrying a wand of lightning {zapped: 1} (lightly wounded, poisoned)
You shoot a poisoned needle. The poisoned needle hits Ijyb.
Ijyb is lightly wounded.
Ijyb looks more healthy.
Ijyb zaps a wand.
The bolt of lightning hits you!
Ouch! That really hurt!
You die...

#..###.##.#.............#.÷).#...
#..# #.##.#.............#....#.#.
#..###..#.#.......##....#.####.#.
#.......#.#.#....##....(..# #.#.
#.#####...#.#.##.##....(..# #.#.
..... #)..#.#.##.##.g.(.... ..#.
##..# #...#.#..#........#. #.
#..###.#.#.#............. #.
#......#.#÷#...@....... #.
##)#####.#.#.#########.
#.......#.#.# #.#####...#.# #.#
##..#.######## ###
#..#........#...
#..########.#..######### ##>#
#....#..##....... ###
#....#..##.######


You could see Ijyb.

Vanquished Creatures
  An orc priest (D:3)
  4 orc wizards (D:3)
  2 adders (D:3)
  4 gnolls
  2 oozes
  2 worms (D:2)
  5 dart slugs
  2 giant geckos
  14 orcs
  3 bats
  5 giant cockroaches
  6 goblins
  10 hobgoblins
  9 jackals
  16 kobolds
  A ball python (D:2)
  A giant newt (D:2)
  8 rats
95 creatures vanquished.

Notes
Turn   | Place    | Note
--------------------------------------------------------------
     0 | D:1      | WhyTry the Octopode Assassin began the quest for the Orb.
     0 | D:1      | Reached XP level 1. HP: 14/14 MP: 1/1
    32 | D:1      | Reached XP level 2. HP: 19/19 MP: 2/2
   805 | D:2      | Reached XP level 3. HP: 24/24 MP: 3/3
  1113 | D:2      | Reached XP level 4. HP: 29/29 MP: 4/4
  1350 | D:2      | Found a basalt altar of Yredelemnul.
  1419 | D:2      | Found a white marble altar of Elyvilon.
  1603 | D:2      | Reached XP level 5. HP: 13/34 MP: 5/5
  1865 | D:3      | Reached skill level 5 in Dodging
  2095 | D:3      | Reached XP level 6. HP: 42/42 MP: 6/6
  2241 | D:3      | Noticed Ijyb
  2709 | D:3      | Killed from afar by Ijyb

Skill      XL: |  1  2  3  4  5  6 |
---------------+-------------------+-----
Dodging        | 2 3 4 5 |  5.1
Fighting       | 3 |  3.3
Short Blades   | 3 |  3.2
Throwing       | |  2.0
Stealth        | |  5.3

Action                   |  1- 3 |  4- 6 || total
-------------------------+-------+-------++-------
Melee: Short sword       |    52 |   101 ||   153
       Dagger            |     1 |       ||     1
       Constrict         |    10 |    25 ||    35
       Tentacles         |     6 |    22 ||    28
 Fire: Blowgun           |     8 |    12 ||    20
Throw: Stone             |       |     2 ||     2
 Stab: Sleeping          |    13 |    12 ||    25
       Distracted        |     1 |     1 ||     2
  Eat: Chunk             |       |     6 ||     6
Armor: Skin              |     5 |    10 ||    15
Dodge: Dodged            |    19 |    62 ||    81
